cohdb
Replays
Latest Replays
All Replays
Popular Replays
Top Player Replays
Match Explorer
How It Works
Community
CoH3 Stats
Reddit
Sign in to upload your games and track your stats! →
Sign in with Steam
Match 45754106
Unlisted
Match 45754106
Overview
Messages
Build Orders
End
Pioneer Squad
Construct Infanterie Kompanie
Selects Breakthrough Battlegroup
Grenadier Squad
MG 42 Machine Gun Team
Grenadier Squad
Construct Panzergrenadier Kompanie
Panzergrenadier Squad
251 Medium Carrier
Selects Assault Grenadiers
Panzergrenadier Squad
Construct Panzer Kompanie
Panzergrenadier Squad
Medical Station
Sturmpanzer IV Brummbär
Selects Rapid Production
Selects Blitzkrieg
Panzer IV Medium Tank
Pioneer Squad
Pak 40 Anti-tank Gun Team
Panzer IV Medium Tank
Pioneer Squad
Pioneer Squad
Thank You Chef
MumJizzer
0
0
Comments
sign in to comment!
No comments posted yet!